 Dungeon Crawl Stone Soup version 0.29-a0-380-gf50f0a9fbc (webtiles) character file.

Game seed: 11736245541694558363

140 powerkranz the Slasher (level 5, 0/42 HPs)
             Began as a Demonspawn Berserker on May 5, 2022.
             Was a Believer of Trog.
             Slain by a scorpion (5 damage)
             ... on level 4 of the Dungeon.
             The game lasted 00:08:01 (4333 turns).

powerkranz the Slasher (Demonspawn Berserker)       Turns: 4333, Time: 00:08:03

Health: 0/42       AC:  4    Str: 20    XL:     5   Next: 2%
Magic:  5/5        EV: 15    Int: 10    God:    Trog [**....]
Gold:   180        SH:  0    Dex: 12    Spells: 4/4 levels left

rFire   . . .      SeeInvis .   a - +0 falchion
rCold   . . .      Faith    .   g - orb {*Rage}
rNeg    + . .      Spirit   .   f - +1 leather armour
rPois   .          Reflect  .   (no helmet)
rElec   .          Harm     .   (no cloak)
rCorr   .          Rampage  .   (no gloves)
Will    .....      Rage     20% (no boots)
Stlth   +.........              (no amulet)
HPRegen 0.14/turn               d - ring of positive energy
MPRegen 0.09/turn               l - +4 ring of evasion

@: lethally poisoned (0 -> -15)
A: powered by pain 1, big brain 1
a: Renounce Religion, Berserk, Trog's Hand


You were on level 4 of the Dungeon.
You worshipped Trog.
Trog was pleased with you.
You visited 1 branch of the dungeon, and saw 4 of its levels.

You collected 180 gold pieces.

Inventory:

Hand Weapons
 a - a +0 falchion (weapon)
Armour
 b - a +0 animal skin
 f - a +1 leather armour (worn)
 g - an orb of wrath (worn)
Jewellery
 d - a ring of positive energy (left hand)
 l - a +4 ring of evasion (right hand)
Scrolls
 h - 2 scrolls of enchant armour
 n - a scroll of noise
 o - a scroll of silence
Potions
 i - a potion of curing {unknown}
 j - 2 potions of heal wounds
 k - a potion of attraction {unknown}


   Skills:
 + Level 3.9 Fighting
 + Level 4.0 Long Blades
 + Level 2.6 Armour
 - Level 1.7 Dodging
 + Level 1.1 Stealth


You had 4 spell levels left.
You didn't know any spells.
Your spell library was empty.

Dungeon Overview and Level Annotations

Branches:
Dungeon (4/15)             Temple (0/1) D:4

Altars:
Elyvilon
Wu Jian

Shops:
D:3 *


Innate Abilities, Weirdness & Mutations

You sometimes gain a little power by taking damage.
You have an unusually large brain. (Int +2)


Message History

The scorpion misses you. The goblin closely misses you.
You hit the scorpion but do no damage.
The scorpion is lightly wounded.
The scorpion barely misses you. The goblin hits you but does no damage.
The scorpion stings you.
You hit the scorpion.
The scorpion is moderately wounded.
The scorpion closely misses you.
The goblin hits you with a +2 dagger of venom.
You are poisoned.
You closely miss the scorpion.
The scorpion is moderately wounded.
You feel sick. The scorpion closely misses you.
The goblin hits you but does no damage.
You are more poisoned.
You hit the scorpion but do no damage.
The scorpion is moderately wounded.
You feel very sick. The scorpion closely misses you.
The goblin hits you but does no damage.
You are more poisoned.
The scorpion closely misses you.
You closely miss the scorpion.
The scorpion is moderately wounded.
You feel very sick. The goblin hits you but does no damage.
You are lethally poisoned!
The scorpion stings you.
You slash the scorpion!
The scorpion is almost dead.
* * * LOW HITPOINT WARNING * * *
You feel extremely sick. The scorpion barely misses you. The goblin misses you.
You closely miss the scorpion.
The scorpion is almost dead.
* * * LOW HITPOINT WARNING * * *
You feel very sick. The scorpion stings you.
* * * LOW HITPOINT WARNING * * *
The goblin closely misses you. The scorpion stings you.
You die...

+.....'.......#####
#.....#........#..
#.....#...##..##.# ##
#....##...##..##.# #.###
#....#.....+.....#......
+....#.....#.....#.....
#....###+###.##....#
..... ###.##s.#.####.
... .......@g...... ...
......#.#.#.#.# ...
............... ...
......#.......# ...
##..#.......... ###
#+#..#...>...#
............
....#.......#


You could see a scorpion and a goblin.

Vanquished Creatures
  An orc wizard (D:3)
  4 adders
  A worm (D:3)
  2 dart slugs (D:1)
  5 orcs (D:3)
  4 ball pythons
  8 bats
  6 endoplasms
  3 giant cockroaches
  5 goblins
  5 hobgoblins
  6 quokkas
  2 frilled lizards
  4 kobolds (D:1)
  5 rats
61 creatures vanquished.

Notes
Turn   | Place    | Note
-------+----------+-------------------------------------------
     0 | D:1      | powerkranz the Demonspawn Berserker began the quest for the
                  | Orb.
     0 | D:1      | Reached XP level 1. HP: 18/18 MP: 1/1
   203 | D:1      | Reached skill level 3 in Long Blades
   271 | D:1      | Gained mutation: You sometimes gain a little power by
                  | taking damage. [demonic ancestry]
   271 | D:1      | Reached XP level 2. HP: 20/24 MP: 2/2
  1027 | D:1      | Reached ** piety under Trog
  1257 | D:2      | Reached XP level 3. HP: 24/29 MP: 3/3
  2462 | D:2      | HP: 2/43 [poisoned by an adder]
  2467 | D:2      | HP: 2/43 [poisoned by an adder]
  2917 | D:3      | Reached XP level 4. HP: 37/37 MP: 4/4
  2974 | D:3      | Found Ettulaun's Assorted Antiques.
  3187 | D:3      | Found an ornate altar of the Wu Jian Council.
  3266 | D:3      | Reached skill level 1 in Stealth
  3606 | D:3      | Found a faded altar of an unknown god.
  3847 | D:3      | Reached skill level 4 in Long Blades
  3983 | D:3      | Gained mutation: You have an unusually large brain. (Int
                  | +2) [demonic ancestry]
  3983 | D:3      | Reached XP level 5. HP: 40/42 MP: 5/5
  4323 | D:4      | Found a staircase to the Ecumenical Temple.
  4333 | D:4      | Slain by a scorpion

Illustrated notes

Levels and vault maps discovered:
D:1:      roderic_chinese_lattice_arrival, layout_loops_ring,
          grunt_decor_junction, minmay_strange_pillars,
          minmay_misc_feat_encased, minmay_tromino_v4_c
D:2:      layout_basic
D:3:      layout_basic, mainiacjoe_overflow_24_doors,
          shapermc_ecumenical_altar_venn, serial_shops, shop
D:4:      layout_gridville, general_overflow_altar,
          mainiacjoe_overflow_alcove_3, kennysheep_little_box,
          minmay_temple_entry_glass, gammafunk_ghost_nasty_kobolds

Skill      XL: |  1  2  3  4 |
---------------+-------------+-----
Long Blades    | 3 4 |  4.0
Armour         | 2 |  2.6
Stealth        | 1 |  1.1
Fighting       | |  3.9
Dodging        | |  1.7

Action                   |  1- 3 |  4- 6 || total
-------------------------+-------+-------++-------
Melee: Falchion          |   153 |    69 ||   222
       Punch             |     1 |       ||     1
Invok: Trog's Hand       |     1 |     1 ||     2
       Berserk           |     1 |       ||     1
  Use: Scroll            |     1 |     6 ||     7
 Stab: Sleeping          |     1 |       ||     1
Armor: Animal skin       |    26 |       ||    26
       Leather armour    |    18 |    15 ||    33
Dodge: Dodged            |   130 |    51 ||   181

Table legend: (Time is in decaauts)
 A = Elapsed time spent in this place.
 B = Non-inter-level travel time spent in this place.
 C = Inter-level travel time spent in this place.
 D = Time resting spent in this place.
 E = Time spent auto-exploring this place.
 F = Levels seen in this place.
 G = Mean time per level.
                   A        B        C        D        E       F      G
               +--------+--------+--------+--------+--------+-----+--------+
         Total |   4464 |   4412 |     52 |    982 |   2701 |   4 | 1116.0 |
       Dungeon |   4464 |   4412 |     52 |    982 |   2701 |   4 | 1116.0 |
               +--------+--------+--------+--------+--------+-----+--------+

Top non-repeatable levels by time:
     D:2: 1722 daAuts
     D:1: 1233 daAuts
     D:3: 1189 daAuts
     D:4: 318 daAuts
